 Dungeon Crawl Stone Soup version 0.27.1-4-g1640c2035a (webtiles) character file.

Game seed: 17037768859760041481

116 Stomo444 the Skirmisher (level 5, -6/28 HPs)
             Began as a Vine Stalker Fighter on Nov 17, 2021.
             Mangled by a scorpion (7 damage)
             ... on level 3 of the Dungeon.
             The game lasted 00:02:59 (2186 turns).

Stomo444 the Skirmisher (Vine Stalker Fighter)      Turns: 2186, Time: 00:03:01

Health: -6/28      AC:  6    Str: 20    XL:     5   Next: 1%
Magic:  0/6        EV:  7    Int:  8    God:
Gold:   131        SH:  9    Dex: 13    Spells: 4/4 levels left

rFire    . . .     SeeInvis .   a - +0 flail
rCold    . . .     Faith    .   c - +0 kite shield
rNeg     . . .     Spirit   +   b - +0 scale mail
rPois    .         Reflect  .   (no helmet)
rElec    .         Harm     .   (no cloak)
rCorr    .         Rampage  .   (no gloves)
Will     .....                  (no boots)
Stlth    ..........             (no amulet)
HPRegen  1.09/turn              (no ring)
MPRegen  0.10/turn              (no ring)

@: mighty, lethally poisoned (-6 -> -9)
A: fangs 2, regeneration 1, magic shield, antimagic bite, no potion heal 2
a: no special abilities


You were on level 3 of the Dungeon.
You visited 1 branch of the dungeon, and saw 3 of its levels.

You collected 131 gold pieces.

Inventory:

Hand Weapons
 a - a +0 flail (weapon)
Missiles
 e - 181 stones (quivered)
Armour
 b - a +0 scale mail (worn)
 c - a +0 kite shield (worn)
Scrolls
 f - a scroll of immolation {unknown}
 g - a scroll of blinking {unknown}
 h - 2 scrolls of identify {unknown}
 i - 2 scrolls of magic mapping {unknown}
 j - a scroll of fear {unknown}
Potions
 d - a potion of might


   Skills:
 + Level 3.3 Fighting
 + Level 2.7 Maces & Flails
 + Level 3.1 Armour
 + Level 1.6 Dodging
 - Level 2.6 Shields


You had 4 spell levels left.
You didn't know any spells.
Your spell library contained the following spells:

 Spells                   Type           Power      Damage    Failure   Level
 Beastly Appendage        Tmut           0%         N/A       99%         1
 Wereblood                Tmut           0%         N/A       100%        2
 Spider Form              Tmut/Pois      0%         N/A       100%        3


Dungeon Overview and Level Annotations

Branches:
Dungeon (3/15)

Altars:


Innate Abilities, Weirdness & Mutations

You have extremely sharp teeth.
Your natural rate of healing is unusually fast.
When hurt, damage is shared between your health and your magic reserves.
Your bite disrupts and absorbs the magic of your enemies.
Potions cannot restore your health.


Message History

You thump the orc!
You kill the orc!
The goblin barely misses you.
You have reached level 5!
You sock the goblin!
You kill the goblin!
You closely miss the scorpion.
You bite the scorpion, but do no damage.
You block the scorpion's attack. The scorpion barely misses you.
You completely miss the scorpion. The scorpion stings you. x2
You hit the scorpion. Your bite misses the scorpion.
The scorpion is lightly wounded.
The scorpion stings you.
You are poisoned.
The scorpion poisons you! You block the scorpion's attack.
You closely miss the scorpion.
You bite the scorpion, but do no damage.
The scorpion is lightly wounded.
You feel very sick. You block the scorpion's attack. The scorpion stings you.
You are more poisoned.
The scorpion poisons you!
You hit the scorpion but do no damage.
You bite the scorpion, but do no damage.
You feel very sick. The scorpion barely misses you. The scorpion stings you.
* * * LOW HITPOINT WARNING * * *
Unknown command.
Throw: 182 stones
Press: ? - help, Q - select action Shift-Dir - straight line, f - scorpion
Aim: a scorpion (57% to hit)
You throw a stone.
The stone hits the scorpion but does no damage.
* * * LOW HITPOINT WARNING * * *
You feel very sick. You block the scorpion's attack.
You feel very mighty all of a sudden.
* * * LOW HITPOINT WARNING * * *
You feel sick. The scorpion stings you!
You die...

#...##...####..............
#..........................
#..........................
#...#....................>.
#...#####..)###............
##### #.s.#.....#.##.......
##.#####...#.# #......
##..# #s....# ...... #..##
#@..##### ..... #.##
#.......##.....
#.#######....)....#....
#..s...................
#.############....... ###
....... ....... #######


You could see a scorpion.

Vanquished Creatures
  An orc priest (D:3)
  An adder (D:2)
  A worm (D:3)
  5 orcs (D:3)
  8 endoplasms
  A giant cockroach (D:2)
  6 goblins
  6 hobgoblins
  4 jackals
  6 kobolds
  3 quokkas
  4 ball pythons
  4 bats
  3 frilled lizards
  10 rats
63 creatures vanquished.

Notes
Turn   | Place    | Note
-------+----------+-------------------------------------------
     0 | D:1      | Stomo444 the Vine Stalker Fighter began the quest for the
                  | Orb.
     0 | D:1      | Reached XP level 1. HP: 11/11 MP: 2/2
   268 | D:1      | Reached XP level 2. HP: 16/16 MP: 3/3
   391 | D:1      | Found a faded altar of an unknown god.
   821 | D:1      | Reached XP level 3. HP: 19/20 MP: 4/4
  1054 | D:2      | Reached skill level 1 in Dodging
  1962 | D:3      | Noticed a scorpion
  1964 | D:3      | Gained mutation: Your natural rate of healing is unusually
                  | fast. [Vine Stalker growth]
  1964 | D:3      | Reached XP level 4. HP: 24/24 MP: 5/5
  2175 | D:3      | Reached XP level 5. HP: 26/28 MP: 4/6
  2185 | D:3      | HP: 1/28 [poisoned by a scorpion]
  2186 | D:3      | Mangled by a scorpion

Illustrated notes

Levels and vault maps discovered:
D:1:      dpeg_arrival_morbid_curiosity, layout_basic,
          hellmonk_ecumenical_altar_heavens_door, minmay_tetromino_o2
D:2:      layout_loops_ring, minmay_close_crescents
D:3:      layout_rooms, marbit_many_paths, minmay_misc_feat_room,
          minmay_starry_boxes

Skill      XL: |  1  2  3  4 |
---------------+-------------+-----
Maces & Flails | 2 |  2.7
Fighting       | 3 |  3.3
Dodging        | 1 |  1.6
Armour         | 3 |  3.1
Shields        | |  2.6

Action                   |  1- 3 |  4- 6 || total
-------------------------+-------+-------++-------
Melee: Flail             |   109 |    80 ||   189
       Bite              |    24 |    23 ||    47
Throw: Stone             |       |     1 ||     1
  Use: Potion            |       |     1 ||     1
Armor: Scale mail        |    52 |    57 ||   109
Dodge: Dodged            |    33 |    40 ||    73
Block: Kite shield       |    65 |    68 ||   133
